Map: Dusk Towers

Players

AlexUA - Winner!

  • Race: Protoss Protoss
  • League: Master

Miszu

  • Race: Terran Terran
  • League: Grandmaster

VOD

Have the link to the VOD?

Description

Time

  • Played on: May 17, 2016, 10:48 a.m.
  • Length: 10:30
Show
View Real Time Build Order
Export as new Build Order

AlexUA Protoss - Winner!

Build Orders: 1 Gate Expand, Double Forge 

Get SALT Encoding   

  12  0:01  Probe (Chrono Boost)  
  13  0:11  Probe (Chrono Boost)  
  14  0:17  Pylon  
  14  0:22  Probe (Chrono Boost)  
  15  0:35  Probe (Chrono Boost)  
  16  0:37  Gateway  
  16  0:46  Probe (Chrono Boost)  
  17  0:50  Assimilator  
  17  0:56  Probe (Chrono Boost)  
  18  1:07  Probe (Chrono Boost)  
  19  1:17  Probe (Chrono Boost)  
  20  1:22  Nexus  
  20  1:33  Cybernetics Core  
  20  1:35  Probe (Chrono Boost)  
  21  1:45  Probe (Chrono Boost)  
  22  1:49  Pylon  
  22  1:55  Assimilator  
  22  1:56  Probe (Chrono Boost)  
  24  2:11  Adept, Mothership Core (Chrono Boost)  
  27  2:36  Probe (Chrono Boost)  
  27  2:46  Probe (Chrono Boost)  
  27  2:50  Probe (Chrono Boost)  
  29  2:56  Adept  
  29  2:57  Warp Gate (Chrono Boost), Probe (Chrono Boost)  
  32  3:01  Probe (Chrono Boost)  
  32  3:04  Stargate  
  33  3:07  Probe (Chrono Boost)  
  33  3:11  Probe (Chrono Boost)  
  35  3:18  Probe (Chrono Boost)  
  36  3:22  Probe (Chrono Boost)  
  36  3:23  Gateway  
  36  3:25  Gateway  
  37  3:28  Probe (Chrono Boost)  
  37  3:32  Probe (Chrono Boost)  
  39  3:39  Probe (Chrono Boost)  
  40  3:43  Probe (Chrono Boost)  
  41  3:50  Probe (Chrono Boost)  
  41  3:53  Probe (Chrono Boost)  
  43  4:00  Nexus, Probe (Chrono Boost)  
  43  4:02  Phoenix  
  46  4:06  Pylon  
  46  4:13  Assimilator  
  46  4:15  Pylon  
  46  4:22  Probe  
  46  4:24  Probe  
  46  4:30  Phoenix, Assimilator  
  50  4:33  Probe  
  50  4:36  Probe  
  50  4:38  Forge  
  52  4:39  Forge  
  52  4:44  Probe  
  53  4:48  Probe (Chrono Boost)  
  54  4:53  Pylon  
  54  4:55  Phoenix, Probe (Chrono Boost)  
  57  5:00  Probe (Chrono Boost)  
  57  5:06  Probe (Chrono Boost)  
  59  5:07  Protoss Ground Weapons Level 1 (Chrono Boost)  
  59  5:09  Pylon  
  59  5:10  Protoss Ground Armor Level 1 (Chrono Boost)  
  59  5:11  Probe (Chrono Boost)  
  59  5:12  Robotics Facility  
  60  5:17  Probe (Chrono Boost)  
  60  5:18  Probe (Chrono Boost)  
  62  5:21  Pylon  
  62  5:25  Probe (Chrono Boost)  
  62  5:27  Phoenix  
  65  5:34  Sentry, Twilight Council  
  65  5:35  Probe  
  67  5:38  Probe  
  67  5:41  Adept  
  71  5:45  Probe  
  71  5:47  Probe  
  73  5:50  Probe  
  73  5:52  Phoenix  
  73  5:56  Probe  
  76  5:58  Gateway  
  76  6:02  Gateway  
  76  6:05  Gateway  
  76  6:07  Gateway  
  76  6:11  Pylon  
  76  6:13  Adept, Pylon  
  76  6:15  Sentry  
  76  6:18  Observer  
  81  6:19  Resonating Glaives (Chrono Boost)  
  81  6:23  Adept  
  83  6:35  Adept  
  85  6:43  Protoss Ground Armor Level 2, Protoss Ground Weapons Level 2  
  85  6:49  Adept x2  
  93  7:01  Immortal (Chrono Boost)  
  93  7:02  Adept  
  93  7:03  Adept  
  93  7:07  Adept x2, Probe x2  
  93  7:08  Adept  
  105  7:13  Adept x2  
  109  7:21  Photon Cannon  
  109  7:23  Photon Cannon  
  109  7:27  Pylon  
  109  7:36  Pylon  
  109  7:38  Pylon  
  109  7:39  Assimilator  
  109  7:43  Assimilator  
  109  7:44  Gateway  
  109  7:45  Gateway, Probe x3  
  109  7:50  Gateway  
  109  7:51  Charge, Pylon  
  116  7:55  Pylon  
  116  7:57  Observer (Chrono Boost), Probe  
  116  7:58  Pylon  
  114  7:59  Pylon  
  114  8:00  Adept x6  
  114  8:02  Adept  
  128  8:12  Probe x2  
  128  8:21  Templar Archives  
  128  8:22  Probe  
  128  8:25  Adept x4  
  128  8:26  Adept x3  
  143  8:34  Warp Prism (Chrono Boost)  
  135  8:56  Adept x3  
  135  8:57  Adept x7  
  155  9:05  Observer (Chrono Boost)  
  156  9:29  Nexus  
  156  9:33  Adept x4  
  164  9:39  Pylon  
  164  9:40  Pylon  
  164  9:58  Adept x2  
  164  9:59  Adept, High Templar x2  
  174  10:00  High Templar x2  
  174  10:03  Archon x2  
  178  10:07  Adept  
  180  10:20  Adept x4  
  180  10:21  Adept  
Show
View Real Time Build Order
Export as new Build Order

Miszu Terran 

Build Orders: Reaper Expand, MMM Bio 

Get SALT Encoding   

  12  0:00  SCV  
  13  0:12  SCV  
  14  0:17  Supply Depot  
  14  0:25  SCV  
  15  0:39  Barracks, SCV  
  16  0:44  Refinery  
  16  0:51  SCV  
  17  1:03  SCV  
  18  1:16  SCV  
  19  1:27  Reaper  
  19  1:29  Refinery, Orbital Command  
  20  1:52  Command Center  
  20  1:55  SCV  
  20  1:59  Barracks Reactor  
  21  2:06  Supply Depot  
  21  2:07  SCV  
  22  2:13  Engineering Bay  
  22  2:21  SCV  
  23  2:26  Barracks  
  23  2:33  SCV  
  23  2:36  Marine  
  25  2:38  Marine  
  26  2:45  SCV  
  26  2:47  Bunker  
  27  2:54  Marine  
  27  2:56  Marine  
  27  2:57  SCV  
  30  3:05  Orbital Command  
  30  3:12  Marine  
  31  3:14  Marine  
  31  3:19  Supply Depot  
  32  3:21  Barracks Tech Lab  
  32  3:23  SCV  
  33  3:30  Marine  
  33  3:32  Marine, SCV  
  36  3:35  SCV  
  36  3:36  Terran Infantry Weapons Level 1  
  36  3:40  Marine  
  38  3:44  Stimpack, SCV  
  38  3:47  SCV  
  40  3:49  Marine  
  40  3:50  Supply Depot  
  40  3:54  Marine  
  42  3:57  Factory, Refinery  
  42  3:58  SCV  
  42  4:02  Missile Turret  
  42  4:04  Missile Turret  
  42  4:10  SCV  
  42  4:15  Refinery  
  44  4:17  SCV  
  44  4:21  Marine x3  
  44  4:22  SCV  
  48  4:29  SCV  
  49  4:35  SCV  
  50  4:39  Marine x3  
  50  4:40  Barracks  
  50  4:41  Starport, Factory Reactor  
  50  4:43  SCV  
  54  4:46  Supply Depot  
  54  4:54  SCV  
  54  4:55  SCV  
  54  4:56  Marine  
  54  4:57  Marine, Marauder  
  54  4:59  Supply Depot  
  60  5:06  SCV  
  61  5:12  SCV  
  62  5:16  Marine x2  
  62  5:19  Marauder  
  66  5:24  Medivac x2  
  66  5:25  Factory Reactor  
  66  5:26  SCV  
  66  5:27  Supply Depot  
  71  5:30  Supply Depot  
  71  5:31  Terran Infantry Armor Level 1  
  72  5:36  Marine x2  
  72  5:40  Marauder, SCV x2  
  78  5:43  Barracks Tech Lab  
  78  5:49  Supply Depot  
  77  5:52  SCV x2  
  77  5:53  Supply Depot  
  77  5:54  Medivac x2  
  83  6:08  Armory  
  83  6:10  Refinery  
  83  6:12  Command Center  
  83  6:13  Marine  
  83  6:17  Marauder  
  86  6:21  Marauder  
  86  6:22  Concussive Shells  
  88  6:32  Widow Mine x2  
  91  6:48  Marine  
  91  6:49  Marine, Marauder  
  91  6:50  Marauder  
  97  6:55  Barracks  
  97  6:56  Barracks  
  97  7:00  Medivac x2, Widow Mine  
  102  7:02  Widow Mine  
  102  7:06  Marine  
  105  7:09  Supply Depot  
  105  7:12  Supply Depot, Combat Shields  
  105  7:15  Marine  
  106  7:16  Marine  
  106  7:18  Marine  
  106  7:21  Missile Turret  
  108  7:29  Marine  
  109  7:33  Marine  
  109  7:34  Marine, Orbital Command  
  109  7:35  SCV x2  
  109  7:36  Marine  
  114  7:41  Terran Infantry Weapons Level 2  
  114  7:45  Barracks Reactor, Barracks Tech Lab  
  114  7:47  Marine, SCV  
  114  7:48  SCV  
  117  7:52  Marauder  
  117  7:55  Marauder, Widow Mine  
  123  8:00  Marine, SCV x2  
  123  8:05  Marine  
  127  8:14  Widow Mine  
  127  8:15  Marine x2, Medivac x2  
  127  8:16  Marine  
  127  8:18  Marine  
  137  8:22  SCV x3  
  137  8:24  Supply Depot  
  137  8:25  Supply Depot, Marine  
  137  8:26  Supply Depot  
  141  8:27  Supply Depot  
  141  8:39  SCV  
  141  8:40  SCV  
  141  8:41  Marauder  
  121  8:52  Marine  
  121  8:53  Marine x4, Marauder, Widow Mine x2  
  121  8:54  Medivac x2  
  132  9:02  Marine  
  127  9:07  Barracks  
  127  9:08  Barracks  
  127  9:09  Barracks  
  127  9:10  Marine  
  127  9:11  Marine x4  
  127  9:14  Marauder  
  134  9:19  Marine  
  134  9:23  Ghost Academy  
  134  9:24  Widow Mine  
  135  9:25  Command Center  
  135  9:28  Marine  
  135  9:29  Marine x3  
  141  9:33  Marine  
  141  9:37  Marine x2  
  144  9:40  Medivac x2  
  148  9:46  Marine x4  
  148  9:51  Marine  
  153  9:55  Marine  
  154  10:00  Marine  
  154  10:01  Marine x2, Marauder  
  154  10:04  Marine x4  
  163  10:09  Marine  
Tags
 
Add a new tag
Caveats
  • Supply blocks, unpowered buildings, or Contaminate may cause inaccurate times.
  • Supply counts are checked every 10 seconds.